 Dungeon Crawl Stone Soup version 0.29-a0-90-gc37658a0fe (webtiles) character file.

Game seed: 17921253905919092788

7 cyrus the Skirmisher (level 2, 0/28 HPs)
             Began as a Naga Fighter on Feb 6, 2022.
             Slain by a bat (1 damage)
             ... on level 1 of the Dungeon.
             The game lasted 00:00:53 (188 turns).

cyrus the Skirmisher (Naga Fighter)                  Turns: 188, Time: 00:00:54

Health: 0/28       AC:  4    Str: 18    XL:     2   Next: 0%
Magic:  2/2        EV:  7    Int:  8    God:
Gold:   0          SH:  4    Dex: 10    Spells: 1/1 levels left

rFire   . . .      SeeInvis +   a - +0 long sword
rCold   . . .      Faith    .   c - +0 buckler
rNeg    . . .      Spirit   .   b - +0 scale mail
rPois   +          Reflect  .   (no helmet)
rElec   .          Harm     .   (no cloak)
rCorr   .          Rampage  .   (no gloves)
Will    .....                   (no barding)
Stlth   ..........              (no amulet)
HPRegen 0.09/turn               (no ring)
MPRegen 0.08/turn               (no ring)

@: mighty, very slow
A: AC +0, large, see invisible, deformed body, poison resistance, slowness 2,
spit poison 1, naga tail 1
a: Spit Poison


You were on level 1 of the Dungeon.
You visited 1 branch of the dungeon, and saw 1 of its levels.

Inventory:

Hand Weapons
 a - a +0 long sword (weapon)
Armour
 b - a +0 scale mail (worn)
 c - a +0 buckler (worn)
Potions
 e - a potion of haste {unknown}


   Skills:
 + Level 3.1 Fighting
 + Level 2.0 Long Blades
 + Level 2.6 Armour
 + Level 2.5 Shields


You had one spell level left.
You didn't know any spells.
Your spell library was empty.

Dungeon Overview and Level Annotations

Branches:
Dungeon (1/15)

Altars:


Innate Abilities, Weirdness & Mutations

Your serpentine skin is tough. (AC +0)
You have supernaturally acute eyesight. (SInv)
Armour fits poorly on your strangely shaped body.
Your system is resistant to poisons. (rPois)
You cover ground very slowly.
You can spit poison.
You have a snake-like lower body.


Message History

The bat barely misses you. The goblin hits you with a +0 club.
The dart slug closely misses you.
You hit the dart slug.
You kill the dart slug!
The bat hits you. The goblin hits you with a +0 club.
The goblin hits you but does no damage.
The dart slug bites you but does no damage.
You hit the dart slug but do no damage. The goblin barely misses you.
The dart slug barely misses you. The bat barely misses you.
The goblin hits you but does no damage.
You hit the dart slug.
The dart slug is heavily wounded.
The bat hits you but does no damage. The dart slug barely misses you.
The goblin hits you with a +0 club.
You hit the dart slug but do no damage.
The dart slug is heavily wounded.
The bat hits you but does no damage. The dart slug bites you.
The goblin barely misses you.
You hit the dart slug.
The dart slug is severely wounded.
The bat hits you but does no damage. The goblin hits you with a +0 club.
* * * LOW HITPOINT WARNING * * *
The dart slug bites you.
* * * LOW HITPOINT WARNING * * *
You block the goblin's attack.
You feel very mighty all of a sudden. The bat hits you.
* * * LOW HITPOINT WARNING * * *
The dart slug bites you but does no damage.
The bat closely misses you. The goblin hits you but does no damage.
You slice the goblin!!
You kill the goblin!
The bat hits you but does no damage. You block the bat's attack.
The dart slug bites you.
* * * LOW HITPOINT WARNING * * *
You have reached level 2!
You slash the dart slug!
You kill the dart slug!
You block the bat's attack. The bat hits you.
You die...

... ..##.# ......
..#.# .....
#.#.###########
#.#.##.........
###@#.##......... .
#.b)..##..########..
#...................
#.....##..####......
...##.#........#.#####
#.#.. #.##...........#
#. #.##.......#.#.###
#. #.##.......#.#....
...........#.##...


You could see a bat.

Vanquished Creatures
  2 dart slugs (D:1)
  An endoplasm (D:1)
  A giant cockroach (D:1)
  A goblin (D:1)
5 creatures vanquished.

Vanquished Creatures (others)
  8 plants (D:1)
8 creatures vanquished.

Grand Total: 13 creatures vanquished

Notes
Turn   | Place    | Note
-------+----------+-------------------------------------------
     0 | D:1      | cyrus the Naga Fighter began the quest for the Orb.
     0 | D:1      | Reached XP level 1. HP: 21/21 MP: 1/1
   187 | D:1      | HP: 1/21 [dart slug (3)]
   188 | D:1      | Reached XP level 2. HP: 1/28 MP: 2/2
   188 | D:1      | Slain by a bat

Illustrated notes

Levels and vault maps discovered:
D:1:      roderic_crop_circles_arrival_small, layout_basic,
          hellmonk_ecumenical_altar_heavens_door, grunt_decor_arrowhead,
          minmay_strange_pillars, moated_statue

Action                   || total
-------------------------++-------
Melee: Long sword        ||    23
  Use: Potion            ||     1
Armor: Scale mail        ||    13
Dodge: Dodged            ||    15
Block: Buckler           ||     5

Table legend: (Time is in decaauts)
 A = Elapsed time spent in this place.
 B = Non-inter-level travel time spent in this place.
 C = Inter-level travel time spent in this place.
 D = Time resting spent in this place.
 E = Time spent auto-exploring this place.
 F = Levels seen in this place.
 G = Mean time per level.
                   A        B        C        D        E       F      G
               +--------+--------+--------+--------+--------+-----+--------+
         Total |    219 |    219 |      0 |      0 |    162 |   1 |  219.0 |
       Dungeon |    219 |    219 |      0 |      0 |    162 |   1 |  219.0 |
               +--------+--------+--------+--------+--------+-----+--------+

Top non-repeatable levels by time:
     D:1: 219 daAuts
